 Dungeon Crawl Stone Soup version 0.26-a0-42-g4f27934 (webtiles) character file.

Game seed: 10627755228332595165

220 BlueFish the Ruffian (level 5, 0/35 HPs)
             Began as an Octopode Warper on June 2, 2020.
             Slain by an orc
             ... wielding a +0 mace
              (4 damage)
             ... on level 2 of the Dungeon.
             The game lasted 00:12:02 (2896 turns).

BlueFish the Ruffian (Octopode Warper)              Turns: 2896, Time: 00:12:02

Health: 0/35       AC:  1    Str: 12    XL:     5   Next: 97%
Magic:  0/8        EV: 14    Int: 15    God:
Gold:   187        SH:  0    Dex: 11    Spells: 1/8 levels left

rFire    . . .     SeeInvis .     - Unarmed
rCold    . . .     Gourm    .   (no shield)
rNeg     . . .     Faith    .   (helmet restricted)
rPois    .         Spirit   .   (no amulet)
rElec    .         Reflect  .   e - ring of flight
rCorr    .         Harm     .   j - +4 ring of slaying
MR       .....                  (no ring)
Stlth    +++.......             (no ring)
HPRegen  0.11/turn              (no ring)
MPRegen  0.11/turn              (no ring)
                                (no ring)
                                (no ring)

@: flying
A: almost no armour, stealthy swim, amphibious, 8 rings, constrict 8, camouflage
1, gelatinous body 1
a: no special abilities


You were on level 2 of the Dungeon.
You were not hungry.

You visited 1 branch of the dungeon, and saw 3 of its levels.

You collected 187 gold pieces.

Inventory:

Missiles
 c - 5 boomerangs of dispersal
 i - 77 stones (quivered)
 o - 8 boomerangs
Jewellery
 e - a ring of flight (left tentacle)
 j - a +4 ring of slaying (right tentacle)
Scrolls
 a - 2 scrolls of magic mapping {unknown}
 b - a scroll of blinking
 f - 3 scrolls of identify {unknown}
 g - a scroll of enchant armour {unknown}
 m - 2 scrolls of remove curse {unknown}
Potions
 l - a potion of berserk rage {unknown}
 n - a potion of might {unknown}
Comestibles
 d - 3 rations
 h - 4 chunks of flesh


   Skills:
 * Level 2.6 Fighting
 * Level 2.1 Throwing
 * Level 3.1 Dodging
 * Level 2.7 Stealth
 * Level 3.5 Unarmed Combat
 + Level 2.4 Spellcasting
 + Level 0.6 Charms
 + Level 3.3 Translocations


You had one spell level left.
You knew the following spells:

 Your Spells              Type           Power        Failure   Level  Hunger
a - Shroud of Golubria    Chrm/Tloc      #.....       14%         2    ###....
b - Blink                 Tloc           N/A          9%          2    ###....
c - Lesser Beckoning      Tloc           ##........   16%         3    ###....

Your spell library contained the following spells:

 Spells                   Type           Power        Failure   Level  Hunger
 Gell's Gravitas          Tloc           ##........   16%         3    ###....
 Teleport Other           Tloc           ##......     16%         3    ###....
 Passage of Golubria      Tloc           N/A          47%         4    #####..
 Confusing Touch          Hex            #.......     54%         3    ###....
 Petrify                  Tmut/Erth      #.......     91%         4    #####..
 Metabolic Englaciation   Hex/Ice        #.........   99%         5    ######.
 Yara's Violent Unravell  Hex/Tmut       #.........   99%         5    ######.


Dungeon Overview and Level Annotations

Branches:
Dungeon (3/15)

Altars:
Wu Jian


Innate Abilities, Weirdness & Mutations

You cannot wear most types of armour.
You are very stealthy in the water. (Stealth+)
You are amphibious.
You can wear up to eight rings at the same time.
You can use your tentacles to constrict eight enemies at once.
Your skin changes colour to match your surroundings (Stealth+).
Your rubbery body absorbs attacks. (AC +1, EV +1)


Message History

The orc is lightly wounded.
Throwing (i - inventory. (/) - cycle)
i - 79 stones (quivered)
Press: ? - help, Shift-Dir - straight line, f/p - orc
Aim: an orc, wielding a +0 mace and wearing a +0 ring mail (lightly wounded)
You throw a stone. The stone barely misses the orc.
Throwing (i - inventory. (/) - cycle)
i - 78 stones (quivered)
Press: ? - help, Shift-Dir - straight line, f/p - orc
Aim: an orc, wielding a +0 mace and wearing a +0 ring mail (lightly wounded)
You throw a stone. The stone closely misses the orc.
Casting: Blink (safe; 9% risk of failure)
Confirm with . or Enter, or press ? or * to list all spells.
You blink.
Your shroud unravels.
Casting: Blink (safe; 9% risk of failure)
Confirm with . or Enter, or press ? or * to list all spells.
You don't have enough magic to cast that spell.
It was a potion of flight.
You feel very buoyant.
You fly up into the air.
The orc hits you with a +0 mace.
You die...

###.#####.#### ###
##.#.##...†...#
##.#..##.##.##.#
#.###....##.##.#
##.#........##.#
######.##########.#
#......# ###.######
#.#############......)..
###.#####@......#.##...##.
#......##.o.....#.##.#.##.
#.#.##.##.......#.##...##.
#.#.##.##...§...#.#######.
#...##.##.......#.# #.
#...##.##.....(.#.# #.
#...##.########(#.#######.
#......# ####(#.........
###.#### #.............#


You could see an orc.

Vanquished Creatures
  An ogre (D:3)
  Robin (D:3)
  An adder (D:3)
  3 worms (D:2)
  3 dart slugs
  3 leopard geckos (D:2)
  5 orcs
  A ball python (D:1)
  6 giant cockroaches
  14 goblins
  6 hobgoblins
  10 jackals
  9 kobolds
  2 quokkas
  8 bats
  5 frilled lizards
  8 rats
86 creatures vanquished.

Notes
Turn   | Place    | Note
-------+----------+-------------------------------------------
     0 | D:1      | BlueFish the Octopode Warper began the quest for the Orb.
     0 | D:1      | Reached XP level 1. HP: 14/14 MP: 3/3
   103 | D:1      | Reached XP level 2. HP: 19/19 MP: 5/5
   107 | D:1      | Learned a level 2 spell: Shroud of Golubria
   110 | D:1      | Learned a level 2 spell: Blink
   652 | D:1      | Reached XP level 3. HP: 22/24 MP: 6/6
  1169 | D:2      | Reached skill level 1 in Stealth
  1460 | D:2      | Reached XP level 4. HP: 29/29 MP: 4/7
  1472 | D:2      | Learned a level 3 spell: Lesser Beckoning
  2093 | D:3      | Noticed an ogre
  2236 | D:3      | Found an ornate altar of the Wu Jian Council.
  2354 | D:3      | Noticed Robin
  2364 | D:3      | Killed Robin
  2623 | D:3      | Reached XP level 5. HP: 35/35 MP: 4/8
  2742 | D:3      | Killed an ogre
  2752 | D:3      | Noticed an ogre
  2896 | D:2      | Slain by an orc

Illustrated notes

Levels and vault maps discovered:
D:1:      evilmike_arrival_crescent, layout_loops_corners
D:2:      layout_loops_cross
D:3:      layout_basic, overflow_temple_1_default, zin_academy, first_ration,
          minivault_5, uniq_natasha, uniq_robin

Skill      XL: |  1  2  3  4  5 |
---------------+----------------+-----
Stealth        | 1 2 |  2.7
Dodging        | 3 |  3.1
Unarmed Combat | 3 |  3.5
Throwing       | 2 |  2.1
Fighting       | |  2.6
Spellcasting   | |  2.4
Charms         | |  0.6
Translocations | |  3.3

Action                   |  1- 3 |  4- 6 || total
-------------------------+-------+-------++-------
Melee: Unarmed           |    92 |    85 ||   177
       Constrict         |    23 |    30 ||    53
       Tentacles         |    14 |    14 ||    28
       Punch             |     2 |     1 ||     3
Throw: Stone             |    10 |     6 ||    16
 Cast: Shroud of Golubri |     8 |    18 ||    26
       Blink             |       |     4 ||     4
  Use: Potion            |       |     1 ||     1
 Stab: Sleeping          |     8 |     3 ||    11
       Distracted        |       |     1 ||     1
  Eat: Chunk             |     2 |     7 ||     9
Armor: Skin              |     8 |     2 ||    10
Dodge: Dodged            |    60 |    65 ||   125

Table legend:
 A = Non-vault XP
 B = Vault XP
 C = Vault XP percentage of total XP
 D = Non-vault monster count
 E = Vault monster count
 F = Vault count percentage of total count
                 A         B        C        D         E       F
            +---------+---------+-------+---------+---------+-------
      Total |     277 |      38 |  12.1 |      73 |      13 |  15.1
            +---------+---------+-------+---------+---------+-------
        D:1 |      47 |       0 |   0.0 |      28 |       0 |   0.0
        D:2 |      83 |       4 |   4.6 |      37 |       2 |   5.1
        D:3 |     147 |      34 |  18.8 |       8 |      11 |  57.9
            +---------+---------+-------+---------+---------+-------
